Description

In this replay, I show you how to defend a 2-Base Nydus (gling/queen or roach/queen). In starcraft 2, beginners have many difficulty to hold this kind of cheese. It's time to know how to hold it the easy way. I present you the standard hold using wall + robotic playstyle.

This kind of cheese can be really challenging to hold but there is some ways to know about it :

  • You need to scout it really fast (that the reason why protoss scout early)
  • This ZvP cheese is really engaging for the zerg
  • This cheese looks like many other cheese (roach all-in and baneling bust): The way to hold them is almost the same
  • You can hold it with a Stargate playstyle but it's more tricky

VOD

https://youtu.be/jCQNSD2NnUo

Replay - Hutt v zuka - Oiseau de foudre EC

Build Order

Get SALT Encoding   

  12  0:01  Probe  
  13  0:13  Probe  
  14  0:20  Pylon  
  14  0:23  Probe  
  15  0:34  Probe  
  16  0:43  Gateway  
  16  0:45  Probe  
  16  0:48  Assimilator  
  18  0:57  Probe  
  18  1:09  Probe  
  19  1:16  Gateway  
  19  1:21  Probe  
  19  1:24  Zealot  
  20  1:30  Cybernetics Core  
  22  1:33  Probe  
  23  1:40  Pylon  
  25  2:04  Warp Gate  
  25  2:06  Adept x2  
  27  2:31  Nexus  
  27  2:36  Robotics Facility  
  26  2:45  Stalker  
  26  2:46  Zealot  
  30  2:56  Pylon  
  30  3:05  Shield Battery  
  30  3:16  Immortal  
  30  3:19  Zealot x2  
  34  3:34  Probe  
  39  3:39  Assimilator  
  40  3:55  Adept  
  43  4:06  Immortal  
  51  4:34  Stalker  
  52  4:39  Gateway  
  52  4:41  Pylon  
  54  4:50  Pylon  
  56  5:11  Sentry  
  58  5:14  Adept  
Spawning Tool Build Advisor. Get it on Overwolf

Go to:

Details

  • Created by: zuka      
  • Published on: Jun 03, 2019
  • Modified on: Jul 15, 2019
  • Patch: 4.7.1
Show
View Real Time Build Order
Export as new Build Order

Comments (0)

There are no comments. Be the first!

Create an account to comment!